Map: Catalesque CE

Players

Sid

  • Race: Protoss Protoss
  • Spawn Location: 11:00

Questlimit

  • Race: Terran Terran
  • Spawn Location: 11:00

COSMOS

  • Race: Terran Terran
  • Spawn Location: 5:00

wanan

  • Race: Protoss Protoss
  • Spawn Location: 5:00

VOD

Have the link to the VOD?

Description

11

Time

  • Played on: July 20, 2024, 5:01 p.m.
  • Length: 17:15
Show
View Real Time Build Order
Export as new Build Order

Sid Protoss 

Build Orders:  

Get SALT Encoding   

  12  0:11  Pylon  
  12  0:25  Probe (Chrono Boost)  
  13  0:35  Probe (Chrono Boost)  
  14  0:40  Probe (Chrono Boost), Gateway  
  15  0:46  Assimilator  
  15  0:51  Probe  
  16  1:03  Probe  
  17  1:07  Pylon  
  17  1:15  Probe  
  18  1:24  Pylon  
  18  1:48  Nexus  
  18  1:58  Cybernetics Core  
  18  2:16  Nexus  
  18  2:19  Pylon  
  18  2:22  Probe  
  19  2:34  Probe (Chrono Boost), Assimilator  
  20  2:49  Assimilator  
  20  3:00  Assimilator  
  20  3:05  Assimilator  
  20  3:07  Pylon  
  20  3:08  Probe (Chrono Boost)  
  20  3:11  Pylon  
  21  3:18  Probe x2 (Chrono Boost)  
  23  3:28  Probe  
  25  3:41  Stargate  
  25  3:42  Probe (Chrono Boost)  
  25  3:49  Probe (Chrono Boost)  
  27  3:58  Probe (Chrono Boost)  
  27  3:59  Probe (Chrono Boost)  
  27  4:01  Probe (Chrono Boost)  
  29  4:09  Probe x2 (Chrono Boost)  
  32  4:11  Probe (Chrono Boost)  
  32  4:16  Probe (Chrono Boost)  
  35  4:19  Probe x2 (Chrono Boost)  
  35  4:21  Probe (Chrono Boost)  
  36  4:25  Pylon  
  36  4:27  Probe  
  36  4:29  Probe  
  38  4:35  Fleet Beacon  
  38  4:39  Probe  
  38  4:41  Probe  
  38  4:43  Pylon  
  40  4:46  Forge  
  40  4:52  Void Ray (Chrono Boost)  
  44  4:53  Probe (Chrono Boost)  
  45  5:05  Probe (Chrono Boost)  
  47  5:07  Probe (Chrono Boost)  
  47  5:14  Protoss Air Weapons Level 1, Probe (Chrono Boost)  
  49  5:15  Probe (Chrono Boost)  
  49  5:20  Probe x2 (Chrono Boost)  
  50  5:25  Photon Cannon  
  51  5:28  Shield Battery  
  51  5:30  Assimilator  
  51  5:31  Probe  
  52  5:38  Photon Cannon  
  52  5:40  Shield Battery  
  39  5:54  Photon Cannon  
  39  5:57  Photon Cannon  
  39  6:00  Shield Battery  
  29  6:34  Probe  
  29  6:38  Probe  
  31  6:46  Probe  
  32  6:52  Probe (Chrono Boost)  
  33  6:57  Probe (Chrono Boost)  
  35  7:04  Probe (Chrono Boost)  
  35  7:06  Carrier  
  35  7:07  Probe x2 (Chrono Boost)  
  43  7:11  Probe (Chrono Boost)  
  43  7:12  Probe (Chrono Boost)  
  43  7:14  Probe  
  46  7:22  Pylon, Probe  
  47  7:23  Probe  
  47  7:26  Probe  
  47  7:27  Protoss Air Weapons Level 2  
  49  7:34  Probe  
  50  7:38  Probe  
  51  7:57  Stargate  
  51  7:58  Stargate  
  51  8:00  Stargate  
  51  8:16  Protoss Shields Level 1  
  51  8:17  Pylon  
  50  9:04  Nexus  
  50  9:43  Photon Cannon  
  50  9:45  Photon Cannon  
  39  9:57  Carrier x3  
  57  10:23  Nexus  
  57  10:28  Probe  
  58  10:37  Photon Cannon  
  58  10:39  Photon Cannon  
  58  10:40  Probe, Shield Battery  
  58  10:41  Pylon  
  59  10:51  Pylon  
  59  10:52  Probe  
  59  10:54  Pylon  
  60  10:57  Assimilator  
  60  10:59  Assimilator  
  60  11:04  Probe  
  60  11:05  Probe  
  60  11:08  Probe  
  63  11:16  Probe  
  63  11:17  Probe  
  65  11:20  Probe  
  66  11:29  Probe  
  66  11:32  Probe  
  68  11:33  Tempest  
  68  11:34  Tempest x2  
  83  11:41  Probe x2  
  83  11:44  Probe  
  86  11:53  Probe x2  
  88  11:54  Cybernetics Core  
  88  12:03  Photon Cannon  
  88  12:05  Probe, Photon Cannon  
  83  12:18  Probe (Chrono Boost)  
  83  12:22  Probe (Chrono Boost)  
  85  12:28  Probe (Chrono Boost)  
  86  12:31  Tempest x3  
  86  12:36  Probe (Chrono Boost)  
  104  12:38  Probe x2 (Chrono Boost)  
  104  12:43  Probe (Chrono Boost)  
  104  12:45  Probe  
  106  12:57  Protoss Air Weapons Level 3  
  107  12:59  Protoss Air Armor Level 1  
  107  13:00  Probe (Chrono Boost)  
  107  13:01  Probe (Chrono Boost)  
  108  13:10  Probe (Chrono Boost)  
  108  13:12  Probe (Chrono Boost)  
  110  13:14  Probe (Chrono Boost)  
  111  13:21  Probe  
  111  13:26  Probe  
  113  13:29  Shield Battery  
  113  13:33  Probe  
  114  13:38  Probe  
  115  13:45  Probe  
  115  13:46  Tempest (Chrono Boost)  
  115  13:47  Tempest (Chrono Boost)  
  131  13:56  Tempest (Chrono Boost)  
  131  13:57  Probe  
  131  14:01  Tempest (Chrono Boost)  
  131  14:02  Nexus  
  137  14:06  Unknown  
  137  14:11  Twilight Council  
  137  14:12  Unknown  
  137  14:44  Pylon  
  137  14:56  Tempest x2  
  147  15:01  Tempest  
  152  15:12  Probe (Chrono Boost)  
  152  15:13  Tempest  
  159  15:21  Probe (Chrono Boost)  
  159  15:26  Probe (Chrono Boost)  
  160  15:30  Unknown  
  160  15:38  Probe  
  160  15:39  Tempest  
  152  15:50  Probe  
  149  16:54  Robotics Facility, Probe (Chrono Boost)  
  149  16:55  Robotics Facility  
  149  17:04  Probe (Chrono Boost)  
Show
View Real Time Build Order
Export as new Build Order

Questlimit Terran 

Build Orders:  

Get SALT Encoding   

  12  0:00  SCV  
  13  0:16  Supply Depot  
  13  0:18  SCV  
  14  0:31  SCV  
  15  0:40  Barracks  
  15  0:44  Refinery  
  15  0:46  SCV  
  16  0:58  Supply Depot  
  16  0:59  SCV  
  17  1:12  Barracks  
  17  1:13  SCV  
  18  1:31  Supply Depot  
  18  1:41  Orbital Command, Barracks Reactor  
  18  1:53  Supply Depot  
  18  2:01  Barracks Reactor  
  18  2:06  SCV  
  19  2:17  Reaper  
  19  2:18  SCV  
  22  2:25  Refinery  
  22  2:30  SCV  
  22  2:31  Reaper  
  23  2:42  SCV  
  24  2:50  Reaper  
  25  2:54  SCV  
  25  2:57  Reaper  
  27  3:31  Command Center  
  27  3:32  Marine  
  28  3:34  Reaper x2  
  28  3:38  SCV, Engineering Bay  
  31  3:47  Factory  
  31  3:48  Reaper  
  31  3:50  SCV  
  33  4:02  SCV  
  34  4:15  Marine  
  34  4:16  Marine  
  35  4:17  Terran Infantry Weapons Level 1  
  35  4:33  Marine  
  36  4:39  Cyclone  
  38  4:46  Starport  
  38  4:47  Supply Depot  
  38  4:51  Marine x2, Barracks  
  38  4:52  Marine  
  41  4:58  Orbital Command  
  41  5:08  SCV  
  41  5:10  Supply Depot  
  41  5:11  Widow Mine  
  44  5:18  Marine  
  44  5:19  Marine x2  
  44  5:20  SCV, Marine  
  49  5:32  Supply Depot  
  49  5:37  Marine  
  50  5:44  Liberator  
  50  5:49  Marine x2  
  55  5:51  Marine  
  55  5:54  Barracks Reactor  
  55  5:55  Marine  
  57  6:07  Marine  
  58  6:26  Marine  
  58  6:27  Marine x3  
  59  6:38  Marine x2  
  60  6:42  SCV x2  
  60  6:44  Marine x2  
  60  6:45  Marine x2  
  66  6:54  SCV x2  
  66  7:00  Refinery  
  68  7:01  Marine x2  
  68  7:02  Marine  
  68  7:04  Marine x2  
  68  7:07  Starport Reactor  
  73  7:08  Factory Tech Lab  
  73  7:10  Marine  
  74  7:19  Marine x2  
  74  7:20  Marine  
  74  7:22  Marine x2  
  78  7:24  Terran Infantry Armor Level 1  
  78  7:28  Marine  
  78  7:29  Armory  
  80  7:30  SCV x2  
  82  7:37  Marine x2  
  82  7:42  SCV  
  85  7:50  SCV  
  86  8:29  SCV x2  
  85  8:41  SCV  
  86  8:50  Supply Depot  
  86  8:53  SCV, Viking x2  
  86  8:54  SCV  
  92  9:01  Refinery  
  92  9:05  SCV  
  92  9:06  SCV  
  94  9:10  Missile Turret  
  94  9:14  Missile Turret, Marine x2  
  94  9:15  Marine x4  
  100  9:17  SCV  
  100  9:18  SCV  
  101  9:32  Terran Ship Weapons Level 1  
  101  9:36  SCV  
  102  9:50  Marine  
  102  10:12  Marine x4  
  102  10:21  Marine x2  
  102  10:38  Missile Turret  
  102  11:00  Command Center  
  102  11:05  Supply Depot  
  102  11:27  SCV, Viking, Marine x5  
  102  11:29  Supply Depot  
  110  11:36  Terran Infantry Weapons Level 2  
  110  11:39  Missile Turret  
  110  11:51  SCV x2, Medivac, Marine x4  
  110  11:53  Supply Depot  
  118  12:09  Marine  
  118  12:11  Marine x2  
  118  12:12  SCV x2, Medivac, Marine x2  
  125  12:19  Marine  
  125  12:21  Viking  
  127  12:24  SCV x2  
  127  12:26  Marine  
  127  12:29  Marine x4  
  132  12:32  Missile Turret  
  132  12:36  SCV x2  
  136  12:37  Marine  
  136  12:39  Command Center  
  136  12:42  Viking  
  139  12:44  Marine  
  139  12:47  Marine  
  139  12:49  Marine x3  
  139  12:50  SCV  
  145  12:53  Missile Turret  
  145  12:55  Planetary Fortress, Marine  
  146  12:59  Command Center  
  146  13:00  SCV  
  146  13:02  SCV, Marine  
  149  13:50  Thor, Marine x6  
  149  13:51  SCV x3  
  149  13:53  Refinery  
  149  13:55  Terran Infantry Armor Level 2  
  164  13:57  SCV  
  165  14:03  SCV x2  
  165  14:08  Marine x5  
  172  14:10  Marine  
  173  14:26  Marine x5  
  173  14:28  Marine  
  179  14:37  Thor  
  185  14:39  Viking  
  185  14:43  Supply Depot  
  185  14:44  Marine, Supply Depot  
  187  14:46  Supply Depot  
  187  15:02  Refinery  
  187  15:04  Marine x6  
  187  15:05  SCV x2  
  195  15:07  SCV, Viking, Supply Depot  
  195  15:08  Viking  
  200  15:20  Supply Depot  
  199  16:00  Marine  
  199  16:01  Marine x2  
  179  16:10  Marine x3  
  152  16:22  Marine x2  
  152  16:23  Marine  
  155  16:28  Marine x3  
  158  16:40  Marine x3  
  158  16:46  Marine x3  
Show
View Real Time Build Order
Export as new Build Order

COSMOS Terran 

Build Orders: 1/1/1, Mech 

Get SALT Encoding   

  12  0:00  SCV  
  13  0:13  Supply Depot  
  13  0:17  SCV  
  14  0:27  Refinery  
  14  0:29  SCV  
  15  0:41  Barracks  
  15  0:45  SCV  
  16  0:57  SCV  
  17  1:09  SCV  
  18  1:30  Factory  
  18  1:38  Refinery  
  18  1:44  Barracks Tech Lab  
  18  1:48  SCV  
  19  2:02  Command Center  
  19  2:24  Starport  
  19  2:30  Armory  
  19  2:35  Supply Depot  
  19  2:47  Orbital Command  
  19  2:53  Barracks Tech Lab  
  19  3:01  Infernal Pre-Igniter  
  19  3:10  Hellion  
  21  3:17  SCV  
  22  3:21  SCV  
  24  3:29  SCV  
  24  3:32  Hellbat  
  26  3:34  Medivac  
  26  3:40  SCV  
  29  3:44  Marine  
  29  3:46  SCV  
  31  3:52  SCV  
  32  4:00  Hellbat  
  32  4:02  Marine  
  35  4:04  SCV  
  35  4:07  Factory  
  36  4:18  Medivac  
  36  4:21  Hellbat  
  36  4:23  Marine  
  41  4:25  SCV x2  
  43  4:32  Supply Depot  
  43  4:37  SCV x2, Supply Depot  
  45  4:49  SCV  
  45  4:51  Supply Depot  
  46  5:08  SCV x2  
  46  5:12  Refinery  
  48  5:14  Refinery  
  48  5:20  SCV x2  
  50  5:35  Hellbat x2  
  53  5:50  Marine  
  53  5:53  Medivac  
  53  5:56  Hellbat  
  53  5:57  Hellbat  
  48  6:36  Starport Tech Lab  
  48  6:43  Terran Vehicle Weapons Level 1  
  48  6:44  Starport  
  48  6:45  Hellbat x2  
  48  6:46  Marine  
  53  6:51  SCV  
  54  6:58  Fusion Core  
  54  7:03  SCV  
  54  7:04  Marine  
  54  7:07  Medivac  
  58  7:12  Factory Reactor  
  58  7:14  Hurricane Engines  
  58  7:15  SCV  
  59  7:18  Command Center  
  59  7:21  Starport Reactor  
  59  7:28  Starport  
  59  7:34  Hellbat  
  63  7:46  Battlecruiser  
  63  7:49  Marine  
  68  8:03  SCV  
  68  8:04  SCV  
  70  8:08  Marine, Hellbat  
  70  8:11  Hellbat  
  69  8:13  Medivac  
  69  8:15  SCV  
  69  8:16  SCV  
  69  8:18  Medivac  
  69  8:20  Medivac  
  69  8:26  Supply Depot, Marine  
  70  8:28  Supply Depot  
  70  8:31  SCV  
  71  8:40  Hellbat x2  
  75  8:43  SCV  
  76  8:55  SCV  
  77  9:08  SCV  
  72  9:29  Thor  
  72  9:30  Hellbat x2  
  72  9:31  Marine  
  83  9:34  Medivac x2  
  87  9:49  Marine  
  88  10:04  Factory  
  88  10:05  SCV  
  88  10:06  SCV x2  
  87  10:11  Thor, Factory  
  87  10:13  Factory  
  87  10:17  SCV  
  87  10:18  SCV x2  
  74  10:29  SCV  
  74  10:31  SCV  
  76  10:37  Starport Tech Lab  
  76  10:38  Factory  
  76  10:43  SCV  
  76  10:49  Battlecruiser  
  83  10:50  SCV  
  83  10:55  SCV  
  85  11:02  SCV  
  86  11:07  SCV, Command Center  
  87  11:19  Hellbat  
  87  11:21  Hellbat x4  
  97  11:26  Medivac x2  
  101  11:42  Supply Depot x2  
  101  11:44  Command Center  
  101  11:45  Supply Depot  
  101  11:58  Supply Depot x2  
  101  12:03  Thor, SCV x2  
  101  12:04  Thor  
  101  12:05  Supply Depot  
  115  12:16  SCV x2  
  115  12:22  Viking x3  
  115  12:23  Viking, Supply Depot  
  119  12:38  Factory Tech Lab  
  119  12:40  Factory Reactor  
  119  12:51  Caduceus Reactor  
  119  12:52  Terran Vehicle Weapons Level 2, Viking x2  
  119  12:54  Starport  
  123  13:03  SCV  
  124  13:08  SCV  
  124  13:12  SCV  
  126  13:15  SCV  
  126  13:19  SCV  
  128  13:21  SCV  
  128  13:24  SCV  
  128  13:26  Refinery x2  
  130  13:27  SCV, Viking  
  130  13:28  Viking x2  
  130  13:31  SCV  
  130  13:33  SCV  
  139  13:36  SCV  
  139  13:39  SCV  
  139  13:40  Starport  
  141  13:43  Starport  
  141  13:45  SCV, Starport  
  142  13:51  SCV  
  143  13:56  Refinery x2  
  143  14:03  SCV  
  143  14:07  SCV  
  145  14:17  Viking x4  
  145  14:18  Viking  
  145  14:19  SCV  
  156  14:24  Viking x3  
  162  14:39  Supply Depot  
  162  14:40  Supply Depot  
  162  14:41  Supply Depot x2  
  162  14:43  SCV  
  164  14:45  SCV  
  164  14:47  Viking  
  166  14:55  SCV  
  166  14:57  SCV  
  166  14:58  Orbital Command  
  168  15:07  SCV  
  168  15:09  SCV  
  168  15:10  Viking x2  
  168  15:11  Viking x4  
  168  15:12  Viking  
  184  15:17  Viking  
  184  15:19  SCV  
  187  15:22  SCV  
  188  15:40  Viking x2  
  188  15:41  Viking x3  
  159  16:01  SCV  
  159  16:03  SCV  
  116  16:13  SCV  
  116  16:15  SCV  
  116  16:17  Hellbat x2  
  116  16:18  Hellbat x6  
  104  16:25  SCV  
  104  16:27  SCV  
  106  16:36  Viking x2  
  106  16:37  SCV, Viking  
  106  16:39  Viking x2, Hellbat x7  
  133  16:40  Hellbat  
Show
View Real Time Build Order
Export as new Build Order

wanan Protoss 

Build Orders: Carriers 

Get SALT Encoding   

  12  0:08  Pylon  
  12  0:21  Assimilator  
  12  0:32  Gateway  
  12  0:46  Forge  
  12  0:54  Assimilator  
  12  0:59  Probe  
  13  1:23  Cybernetics Core  
  13  1:41  Probe  
  14  1:53  Probe  
  15  2:05  Probe  
  16  2:17  Probe  
  17  2:35  Pylon  
  17  3:01  Nexus  
  17  3:04  Pylon  
  17  3:29  Stargate  
  17  3:34  Probe  
  17  3:39  Pylon  
  18  4:01  Pylon  
  18  4:04  Stalker  
  20  4:13  Probe  
  20  4:17  Probe  
  22  4:25  Probe  
  22  4:29  Probe  
  24  4:34  Zealot  
  24  4:36  Assimilator  
  24  4:37  Probe  
  27  4:51  Fleet Beacon  
  27  5:28  Stalker  
  29  5:58  Adept  
  29  6:00  Probe  
  32  6:09  Carrier (Chrono Boost)  
  32  6:12  Probe  
  39  6:35  Probe  
  40  6:43  Probe  
  41  6:53  Pylon  
  41  7:06  Stalker  
  43  7:18  Carrier  
  49  7:36  Zealot  
  51  7:40  Probe  
  51  7:43  Probe  
  53  7:50  Pylon  
  53  7:52  Probe  
  53  7:55  Probe  
  55  8:03  Adept  
  55  8:04  Probe  
  58  8:05  Twilight Council  
  58  8:07  Probe  
  59  8:16  Probe  
  60  8:33  Adept  
  56  8:50  Tempest  
  61  8:56  Probe  
  62  9:12  Nexus  
  62  9:16  Pylon  
  62  9:23  Stalker  
  64  9:33  Tempest  
  69  9:53  Stalker  
  65  10:16  Carrier  
  71  10:23  Stalker  
  71  10:25  Probe  
  74  10:31  Assimilator  
  74  10:35  Assimilator  
  74  10:37  Probe  
  75  10:49  Probe  
  76  10:51  Probe  
  76  10:53  Stalker  
  76  10:54  Probe  
  80  11:02  Probe  
  80  11:03  Probe  
  82  11:06  Probe  
  83  11:14  Probe  
  83  11:15  Probe  
  83  11:18  Probe  
  86  11:21  Carrier  
  87  11:26  Probe  
  87  11:28  Probe  
  87  11:30  Probe  
  90  11:40  Probe  
  90  11:41  Probe  
  90  11:42  Probe  
  93  11:53  Probe  
  94  12:04  Adept  
  94  12:06  Probe  
  92  12:18  Probe  
  87  12:25  Carrier  
  93  12:30  Probe  
  93  12:34  Adept  
  96  12:47  Dark Shrine  
  96  12:58  Templar Archives  
  96  13:04  Probe, Adept  
  99  13:09  Probe  
  100  13:16  Probe  
  101  13:28  Probe  
  101  13:29  Pylon, Carrier  
  101  13:33  Pylon  
  106  13:34  Adept  
  106  13:40  Probe  
  109  13:53  Probe  
  110  14:04  Adept  
  112  14:33  Carrier  
  118  14:43  High Templar  
  118  15:13  Anion Pulse-Crystals  
  118  15:22  High Templar  
  108  16:02  High Templar  
Tags
 
Add a new tag
Caveats
  • Supply blocks, unpowered buildings, or Contaminate may cause inaccurate times.
  • Supply counts are checked every 10 seconds.